 Dungeon Crawl Stone Soup version 0.31-a0-251-gdc1e01ee57 (webtiles) character file.

Game seed: 8490052812115594169

33 qw the Shooter (level 3, -1/29 HPs)
             Began as a Minotaur Hexslinger on July 12, 2023.
             Slain by a goblin
             ... wielding a +0 dagger
             ... led by Robin
              (4 damage)
             ... on level 2 of the Dungeon.
             The game lasted 00:00:22 (1076 turns).

qw the Shooter (Minotaur Hexslinger)                Turns: 1076, Time: 00:00:22

Health: -1/29      AC:  2    Str: 12    XL:     3   Next: 12%
Magic:  3/3        EV: 12    Int: 10    God:
Gold:   30         SH:  0    Dex: 14    Spells: 3/4 levels left

rFire   . . .        a - +1 sling
rCold   . . .        (no shield)
rNeg    . . .        c - +0 robe
rPois   .            (helmet restricted)
rElec   .            (no cloak)
rCorr   .            (no gloves)
SInv    .            (no boots)
Will    .....        (no amulet)
Stlth   +            (no ring)
HPRegen 0.24/turn    (no ring)
MPRegen 0.08/turn

%: no passive effects
@: no status effects
A: horns 2, retaliatory headbutt
a: no special abilities


You were on level 2 of the Dungeon.
You visited 1 branch of the dungeon, and saw 2 of its levels.

You collected 30 gold pieces.


Innate Abilities, Weirdness & Mutations

You have a pair of horns on your head.
You reflexively headbutt those who attack you in melee.


   Skills:
 - Level 2.0 Fighting
 + Level 3.7 Ranged Weapons
 - Level 2.1 Dodging
 - Level 1.0 Spellcasting
 - Level 2.0 Hexes


You had 3 spell levels left.
You knew the following spells:

 Your Spells              Type           Power      Damage    Failure   Level
a - Slow                  Hex            16%        N/A       16%         1

Your spell library contained the following spells:

 Spells                   Type           Power      Damage    Failure   Level
 Inner Flame              Hex/Fire       2%         N/A       56%         3
 Portal Projectile        Hex/Tloc       4%         N/A       56%         3
 Cause Fear               Hex            2%         N/A       83%         4

Inventory:

Hand Weapons
 a - a +1 sling (weapon)
Armour
 c - a +0 robe (worn)
Scrolls
 b - a scroll of vulnerability {unknown}

Dungeon Overview and Level Annotations

Branches:
Dungeon (2/15)

Altars:

Annotations:
D:2 Robin


Message History

You shoot a sling bullet.
The sling bullet completely misses the hobgoblin.
The hobgoblin closely misses you. The goblin barely misses you.
You shoot a sling bullet. The sling bullet hits the hobgoblin.
You kill the hobgoblin!
The kobold throws a stone.
The stone misses you. Robin throws the goblin at you!
The goblin hits you with a +0 dagger.
You shoot a sling bullet. The sling bullet hits the goblin!
You kill the goblin!
You hear a shout!
The goblin hits you with a +0 dagger. Robin closely misses you.
The kobold hits you with a +0 whip. The goblin hits you with a +0 dagger.
You hear a shout!
You shoot a sling bullet.
The sling bullet barely misses the kobold.
The kobold barely misses you. Robin barely misses you.
The goblin hits you with a +0 dagger.
You shoot a sling bullet.
The sling bullet completely misses the kobold.
The goblin hits you with a +0 dagger.
Robin hits you from afar with a +0 spear.
The kobold hits you with a +0 whip.
You shoot a sling bullet.
The sling bullet barely misses the kobold.
A goblin comes into view. It is wielding a +0 dagger.
Robin hits you from afar with a +0 spear.
The goblin hits you but does no damage. The kobold barely misses you.
1074 ||| Stepping ~*~*~tactically~*~*~ (outnumbered).
The goblin attacks as you move away! The goblin completely misses you.
You shoot a sling bullet. The sling bullet hits the goblin.
You kill the goblin!
The kobold throws a stone.
The stone hits you.
The goblin unwields a +0 dagger.
The goblin wields a +0 sling.
The goblin shoots a sling bullet.
The sling bullet hits you. Robin closely misses you.
You shoot a sling bullet.
The sling bullet barely misses the kobold.
The kobold hits you with a +0 whip. Robin throws the goblin at you!
The goblin unwields a +0 sling.
The goblin wields a +0 dagger.
The goblin hits you with a +0 dagger.
You die...

....... ##.#.#.#
##.gK.#.# gg?.g...##
#...g... #.g..%.####
######### #....#
#.......#######g##..#
#.......'...g@K)# ...
#.......#######.# .
#.......# ###
#.......# #.......#
##......# ###%######
#......# #......#


You could see Robin, a goblin and a kobold.

Vanquished Creatures
  2 dart slugs (D:1)
  2 ball pythons (D:1)
  An endoplasm (D:1)
  2 giant cockroaches (D:1)
  5 goblins
  4 hobgoblins
  3 kobolds
  A quokka (D:1)
  3 bats
  4 rats (D:1)
27 creatures vanquished.

Notes
Turn   | Place    | Note
-------+----------+-------------------------------------------
     0 | D:1      | qw the Minotaur Hexslinger began the quest for the Orb.
     0 | D:1      | Reached XP level 1. HP: 16/16 MP: 1/1
     0 | D:1      | 0 ||| qw: Version: 0.3-a-52-g30416fa
     0 | D:1      | 0 ||| qw: Game counter: 6573
     0 | D:1      | 0 ||| qw: Melee chars always use a shield: true
     0 | D:1      | 0 ||| qw: God list: Okawaru
     0 | D:1      | 0 ||| qw: Allow faded altars: false
     0 | D:1      | 0 ||| qw: Do Orc after clearing Dungeon:15 true
     0 | D:1      | 0 ||| qw: Do second Lair branch before Depths: true
     0 | D:1      | 0 ||| qw: Lair rune preference: random
     0 | D:1      | 0 ||| qw: Goals: Normal
     0 | D:1      | 0 ||| PLANNING D:1-11
    99 | D:1      | HP: 3/16 [hobgoblin (4)]
   103 | D:1      | Reached skill level 3 in Ranged Weapons
   103 | D:1      | Reached XP level 2. HP: 6/23 MP: 2/2
   405 | D:1      | 405 ||| FLEEEEING.
   407 | D:1      | 407 ||| FLEEEEING.
   408 | D:1      | 408 ||| FLEEEEING.
   958 | D:1      | 958 ||| DROPPING scroll of poison.
   982 | D:2      | 982 ||| STAIRDANCE
  1005 | D:2      | 1005 ||| STAIRDANCE
  1060 | D:2      | Noticed Robin
  1061 | D:2      | 1061 ||| Stepping ~*~*~tactically~*~*~ (outnumbered).
  1064 | D:2      | Reached XP level 3. HP: 29/29 MP: 3/3
  1064 | D:2      | 1064 ||| Stepping ~*~*~tactically~*~*~ (outnumbered).
  1074 | D:2      | 1074 ||| Stepping ~*~*~tactically~*~*~ (outnumbered).
  1075 | D:2      | HP: 7/29 [kobold/stone (2)]
  1076 | D:2      | HP: 3/29 [kobold/+0 whip (3)]
  1076 | D:2      | Slain by a goblin

Levels and vault maps discovered:
D:1:      heliophobic_arrival_glass_houses, layout_basic, chequers_arboretum
D:2:      layout_basic, uniq_jessica, uniq_robin

Skill      XL: |  1  2 |
---------------+-------+-----
Ranged Weapons | 3 |  3.7
Fighting       | 2 |  2.0
Dodging        | |  2.1
Spellcasting   | |  1.0
Hexes          | |  2.0

Action                     || total
---------------------------++-------
   Fire: Sling             ||    80
 Armour: Robe              ||     6
  Dodge: Dodged            ||    26

Table legend:
 A = Non-vault XP
 B = Vault XP
 C = Vault XP percentage of total XP
 D = Non-vault monster count
 E = Vault monster count
 F = Vault count percentage of total count
                 A         B        C        D         E       F
            +---------+---------+-------+---------+---------+-------
      Total |      40 |       8 |  16.7 |      23 |       4 |  14.8
            +---------+---------+-------+---------+---------+-------
        D:1 |      36 |       0 |   0.0 |      20 |       0 |   0.0
        D:2 |       4 |       8 |  66.7 |       3 |       4 |  57.1
            +---------+---------+-------+---------+---------+-------
